 Dungeon Crawl Stone Soup version 0.22.0-49-gab54619674 (webtiles) character file.

1088 Freyura the Magician (level 8, -4/58 HPs)
             Began as a Gnoll Wizard on Sept 6, 2018.
             Slain by btonasse's ghost (11 damage)
             ... on level 5 of the Dungeon.
             The game lasted 00:28:45 (5708 turns).

Freyura the Magician (Gnoll Wizard)                 Turns: 5708, Time: 00:28:46

Health: -4/58      AC:  0    Str: 10    XL:     8   Next: 30%
Magic:  19/19      EV: 17    Int: 27    God:
Gold:   199        SH:  8    Dex: 22    Spells: 9/22 levels left

rFire    . . .     SeeInvis .   t - +8 dagger of Annihilation {venom, *Corrode rN+ Int+4 Dex+9}
rCold    . . .     Gourm    .   o - +2 buckler
rNeg     + . .     Faith    .   a - +0 robe
rPois    .         Spirit   .   i - +0 helmet
rElec    .         Reflect  .   f - +0 cloak
rCorr    .         Harm     .   (no gloves)
MR       .....                  (no boots)
Stlth    +++.......             (no amulet)
HPRegen  0.19/turn              (no ring)
MPRegen  0.16/turn              (no ring)

@: corroded
A: distributed training, fangs 1, strong nose
a: no special abilities


You were on level 5 of the Dungeon.
You were not hungry.

You visited 1 branch of the dungeon, and saw 5 of its levels.
You also visited: Sewer.

You collected 199 gold pieces.

Inventory:

Hand Weapons
 h - a +0 blowgun
 t - the +8 dagger of Annihilation (weapon) {venom, *Corrode rN+ Int+4 Dex+9}
   (You found it on level 4 of the Dungeon)

   It poisons the flesh of those it strikes.
   It affects your intelligence (+4).
   It affects your dexterity (+9).
   It protects you from negative energy.
   It may corrode you when you take damage.
Missiles
 m - 38 poisoned needles
Armour
 a - a +0 robe (worn)
 f - a +0 cloak (worn)
 i - a +0 helmet (worn)
 o - a +2 buckler (worn)
Scrolls
 b - a scroll of identify
 k - 2 scrolls of fog
 r - 2 scrolls of enchant armour {unknown}
 v - a scroll of remove curse {unknown}
 x - 2 scrolls of blinking {unknown}
 y - 3 scrolls of teleportation
Potions
 c - a potion of cancellation {unknown}
 d - 2 potions of brilliance {unknown}
 e - a potion of lignification {unknown}
 g - a potion of curing {unknown}
 j - 2 potions of degeneration {unknown}
 n - a potion of ambrosia {unknown}
 p - a potion of might {unknown}
 q - a potion of heal wounds {unknown}
 s - a potion of berserk rage {unknown}
 u - a potion of agility {unknown}
 w - 2 potions of flight {unknown}
Comestibles
 l - a ration


   Skills:
 + Level 3.1 Fighting
 + Level 3.1 Short Blades
 + Level 3.1 Long Blades
 + Level 3.1 Axes
 + Level 3.1 Maces & Flails
 + Level 3.1 Polearms
 + Level 3.1 Staves
 + Level 3.1 Slings
 + Level 3.1 Bows
 + Level 3.1 Crossbows
 + Level 3.1 Throwing
 + Level 3.1 Armour
 + Level 5.6 Dodging
 + Level 5.2 Stealth
 + Level 3.1 Shields
 + Level 3.1 Unarmed Combat
 + Level 7.8 Spellcasting
 + Level 3.3 Conjurations
 + Level 2.5 Hexes
 + Level 2.5 Charms
 + Level 3.3 Summonings
 + Level 2.5 Necromancy
 + Level 3.3 Translocations
 + Level 2.5 Transmutations
 + Level 2.5 Fire Magic
 + Level 2.5 Ice Magic
 + Level 2.5 Air Magic
 + Level 2.5 Earth Magic
 + Level 2.5 Poison Magic
 + Level 3.4 Invocations
 + Level 3.1 Evocations


You had 9 spell levels left.
You knew the following spells:

 Your Spells              Type           Power        Failure   Level  Hunger
a - Magic Dart            Conj           ####         1%          1    None
b - Blink                 Tloc           N/A          2%          2    None
c - Call Imp              Summ           ####....     2%          2    None
d - Slow                  Hex            ###.....     3%          2    None
e - Conjure Flame         Conj/Fire      ####....     5%          3    None
f - Mephitic Cloud        Conj/Pois/Air  ####....     5%          3    None

Your spell library contained the following spells:

 Spells                   Type           Power        Failure   Level  Hunger


Dungeon Overview and Level Annotations

Branches:
Dungeon (5/15)
 Temple: D:4-7

Altars:

Annotations:
D:5 btonasse's ghost, novice HOAK


Innate Abilities, Weirdness & Mutations

Your experience applies equally to all skills.
You have very sharp teeth.
Your uncanny sense of smell can sniff out nearby items.


Message History

You hit btonasse's ghost.
Btonasse's ghost is almost destroyed.
Btonasse's ghost barely misses you.
You hit btonasse's ghost but do no damage.
Btonasse's ghost is almost destroyed.
Btonasse's ghost hits you.
You hit btonasse's ghost but do no damage.
Btonasse's ghost is almost destroyed.
You hit btonasse's ghost.
Btonasse's ghost is almost destroyed.
Btonasse's ghost misses you.
You hit btonasse's ghost but do no damage.
Btonasse's ghost is almost destroyed.
Btonasse's ghost hits you!
* * * LOW HITPOINT WARNING * * *
You hit btonasse's ghost but do no damage.
Your bite misses btonasse's ghost.
Btonasse's ghost is almost destroyed.
Btonasse's ghost hits you!
You die...

.# #..........#≈..#..## .#
###.##..#........## .#
#.............######## .#
#.#######.####...).... >###
#.##..%#.. ##.##..### ...#
#.##.?.##. ##...#..... ##.#
#..#).?#.. #<.......)# ##.####
#..##W### ##....#.##.# ......#
###..@.# #.........#.# .#.##.#
#...## #............
.#.##.########...####.........#.#
.......#.....................##.#
.##.#.......)................##..
.##...##............<......#.####
......########...#####..#.†#)#
####.## #...# #..##.#.# #†# #...#
#....)).#


You could see btonasse's ghost.

Vanquished Creatures
  A phantom (D:5)
  3 ogres (D:4)
  A bullfrog (D:5)
  A scorpion (D:4)
  A bullfrog zombie (D:5)
  Crazy Yiuf (D:3)
  2 hounds (D:5)
  2 orc priests (D:2)
  2 orc wizards
  2 iguanas (D:5)
  6 worker ants
  A hound skeleton (D:4)
  3 gnolls (D:4)
  5 adders
  A shadow imp (D:5)
  An ooze (D:3)
  An adder zombie (D:5)
  3 worms
  5 dart slugs
  3 leopard geckos
  5 orcs
  6 giant cockroaches
  4 goblins (D:1)
  3 hobgoblins
  8 jackals
  9 kobolds
  6 quokkas
  3 ball pythons
  8 bats
  11 frilled lizards
  10 rats
118 creatures vanquished.

Vanquished Creatures (collateral kills)
  3 orcs (D:5)
  A ball python (D:5)
  A giant cockroach (Sewer)
  6 jackals
  5 bats (Sewer)
  2 frilled lizards (Sewer)
18 creatures vanquished.

Grand Total: 136 creatures vanquished

Notes
Turn   | Place    | Note
-------+----------+-------------------------------------------
     0 | D:1      | Freyura the Gnoll Wizard began the quest for the Orb.
     0 | D:1      | Reached XP level 1. HP: 13/13 MP: 8/8
    98 | D:1      | Reached XP level 2. HP: 19/19 MP: 5/10
   103 | D:1      | Learned a level 2 spell: Blink
   106 | D:1      | Learned a level 2 spell: Call Imp
   109 | D:1      | Learned a level 2 spell: Slow
   433 | D:1      | Reached XP level 3. HP: 25/25 MP: 4/11
  1108 | D:2      | Reached skill level 1 in Invocations
  1292 | D:2      | Reached skill level 1 in Fighting
  1292 | D:2      | Reached skill level 1 in Short Blades
  1292 | D:2      | Reached skill level 1 in Long Blades
  1292 | D:2      | Reached skill level 1 in Axes
  1292 | D:2      | Reached skill level 1 in Maces & Flails
  1292 | D:2      | Reached skill level 1 in Polearms
  1292 | D:2      | Reached skill level 1 in Staves
  1292 | D:2      | Reached skill level 1 in Slings
  1292 | D:2      | Reached skill level 1 in Bows
  1292 | D:2      | Reached skill level 1 in Crossbows
  1292 | D:2      | Reached skill level 1 in Throwing
  1292 | D:2      | Reached skill level 1 in Armour
  1292 | D:2      | Reached skill level 1 in Shields
  1292 | D:2      | Reached skill level 1 in Unarmed Combat
  1292 | D:2      | Reached skill level 1 in Evocations
  1373 | D:2      | Reached XP level 4. HP: 32/32 MP: 8/13
  1926 | D:2      | Reached skill level 1 in Hexes
  1926 | D:2      | Reached skill level 1 in Charms
  1926 | D:2      | Reached skill level 1 in Necromancy
  1926 | D:2      | Reached skill level 1 in Transmutations
  1926 | D:2      | Reached skill level 1 in Fire Magic
  1926 | D:2      | Reached skill level 1 in Ice Magic
  1926 | D:2      | Reached skill level 1 in Air Magic
  1926 | D:2      | Reached skill level 1 in Earth Magic
  1926 | D:2      | Reached skill level 1 in Poison Magic
  1928 | D:2      | Reached XP level 5. HP: 22/37 MP: 7/14
  2251 | D:3      | Found a runed door.
  3145 | D:3      | Noticed Crazy Yiuf
  3153 | D:3      | Killed Crazy Yiuf
  3408 | D:4      | Reached XP level 6. HP: 44/44 MP: 9/16
  3479 | D:4      | Reached skill level 5 in Dodging
  3664 | D:4      | Reached XP level 7. HP: 25/50 MP: 2/18
  3840 | D:4      | Learned a level 3 spell: Conjure Flame
  3844 | D:4      | Learned a level 3 spell: Mephitic Cloud
  4336 | D:4      | Got a translucent dagger
  4337 | D:4      | Identified the +8 dagger of Annihilation {venom, *Corrode
                  | rN+ Int+4 Dex+9} (You found it on level 4 of the Dungeon)
  4490 | D:4      | Reached skill level 5 in Stealth
  4962 | D:5      | Entered Level 5 of the Dungeon
  5073 | D:5      | Found a runed door.
  5192 | D:5      | Reached XP level 8. HP: 57/57 MP: 15/19
  5257 | D:5      | Found a glowing drain.
  5288 | Sewer    | Entered a sewer
  5676 | D:5      | Noticed btonasse's ghost (novice HOAK)
  5708 | D:5      | Slain by btonasse's ghost

Skill      XL: |  1  2  3  4  5  6  7  8 |
---------------+-------------------------+-----
Conjurations   | 2 3 |  3.3
Summonings     | 2 3 |  3.3
Translocations | 2 3 |  3.3
Invocations    | 1 2 3 |  3.4
Fighting       | 1 2 3 |  3.1
Short Blades   | 1 2 3 |  3.1
Long Blades    | 1 2 3 |  3.1
Axes           | 1 2 3 |  3.1
Maces & Flails | 1 2 3 |  3.1
Polearms       | 1 2 3 |  3.1
Staves         | 1 2 3 |  3.1
Slings         | 1 2 3 |  3.1
Bows           | 1 2 3 |  3.1
Crossbows      | 1 2 3 |  3.1
Throwing       | 1 2 3 |  3.1
Armour         | 1 2 3 |  3.1
Shields        | 1 2 3 |  3.1
Unarmed Combat | 1 2 3 |  3.1
Evocations     | 1 2 3 |  3.1
Hexes          | 1 2 |  2.5
Charms         | 1 2 |  2.5
Necromancy     | 1 2 |  2.5
Transmutations | 1 2 |  2.5
Fire Magic     | 1 2 |  2.5
Ice Magic      | 1 2 |  2.5
Air Magic      | 1 2 |  2.5
Earth Magic    | 1 2 |  2.5
Poison Magic   | 1 2 |  2.5
Dodging        | 5 |  5.6
Stealth        | 5 |  5.2
Spellcasting   | |  7.8

Action                   |  1- 3 |  4- 6 |  7- 9 || total
-------------------------+-------+-------+-------++-------
Melee: Unarmed           |    12 |       |       ||    12
       Bite              |     1 |     5 |     7 ||    13
       Dagger            |       |    13 |   121 ||   134
 Fire: Blowgun           |       |       |     3 ||     3
 Cast: Magic Dart        |    78 |   126 |    75 ||   279
       Call Imp          |       |     8 |    10 ||    18
       Conjure Flame     |       |       |     4 ||     4
  Use: Scroll            |     1 |     3 |     1 ||     5
 Stab: Sleeping          |       |     1 |     4 ||     5
  Eat: Ration            |     2 |     1 |     2 ||     5
Armor: Robe              |     7 |     4 |    10 ||    21
Dodge: Dodged            |    17 |    26 |    54 ||    97
Block: Buckler           |       |    10 |    38 ||    48
